AoeStats
← MZTK l Toni tony chopeer

Arena

510167511Analyzed
4v4 RM · 17h ago on Sep 29, 2026· 50m 15s· 8 players
Game mode
Random Map
Map size
Large (8 player)
Population
200
Speed
Normal
Resources
Standard
Victory
Conquest
Starting age
Dark Age
Ending age
Imperial Age
RankedLock teamsTeams togetherTeam positionsShared explorationLock speedFull tech treeHidden civsTurbo modeCheats
Victory
Defeat
🇲🇽 Saxons · Mexico
1407
+11
🇫🇷 Turks · France
1400
+12
🇫🇷 Britons · France
1368
+13
🇪🇸 Poles · Spain
1313
+15
🇲🇽 Danes · Mexico
1348
-14
1328
-14
🇲🇽 Teutons · Mexico
1306
-13
1229
-10
Fricelebarbare
10:12 Feudal Age
14:20 Castle Age
12:26 Double-Bit Axe
13:08 Horse Collar
15:32 Bow Saw
15:23 Heavy Plow
17:04 Loom
21:50 Wheelbarrow
21:30 Stone Mining
22:38 Gold Mining
25:14 Hand Cart
28:49 Imperial Age
26:05 Town Watch
26:13 Fletching
27:24 Ballistics
27:34 Bodkin Arrow
29:08 Padded Archer Armor
30:59 Chemistry
30:18 Bracer
31:10 Conscription
34:50 Yeomen
34:19 Elite Longbowman
38:16 Leather Archer Armor
42:10 Caravan
49:24 Ring Archer Armor
Mike_Tango
8:58 Loom
11:25 Feudal Age
13:08 Double-Bit Axe
16:03 Castle Age
14:08 Loom
15:01 Wheelbarrow
14:15 Horse Collar
14:27 Stone Mining
17:08 Wheelbarrow
24:50 Gold Mining
25:03 Heavy Plow
25:15 Bow Saw
25:23 Hand Cart
29:55 Imperial Age
27:41 Husbandry
28:27 Scale Barding Armor
28:33 Forging
28:36 Bloodlines
27:49 Light Cavalry
28:58 Fletching
29:08 Scale Mail Armor
29:42 Chain Barding Armor
29:36 Szlachta Privileges
30:30 Stone Shaft Mining
30:00 Cavalier
31:31 Conscription
32:22 Iron Casting
34:19 Blast Furnace
34:25 Chemistry
33:37 Fortified Wall
37:00 Fletching
36:37 Winged Hussar
39:36 Lechitic Legacy
39:34 Bodkin Arrow
39:41 Padded Archer Armor
40:03 Ballistics
39:45 Scale Mail Armor
45:24 Crop Rotation
46:27 Treadmill Crane
46:59 Masonry
Obitwo
6:58 Loom
9:15 Feudal Age
10:52 Horse Collar
10:58 Double-Bit Axe
15:57 Wheelbarrow
18:32 Castle Age
17:02 Gold Mining
17:37 Bloodlines
23:44 Imperial Age
22:07 Padded Archer Armor
22:12 Husbandry
23:53 Gold Shaft Mining
23:19 Heavy Plow
23:37 Bow Saw
29:45 Leather Archer Armor
31:14 Hand Cart
33:51 Scale Barding Armor
36:33 Heavy Camel Rider
37:38 Forging
37:48 Chain Barding Armor
43:08 Plate Barding Armor
43:09 Iron Casting
43:32 Bombard Tower
46:34 Blast Furnace
48:42 Ring Archer Armor
49:29 Artillery
49:50 Conscription
:) YO30830
9:34 Feudal Age
12:12 Loom
15:21 Castle Age
13:36 Horse Collar
15:40 Double-Bit Axe
17:27 Bow Saw
18:45 Heavy Plow
27:18 Gold Mining
28:08 Scale Mail Armor
28:18 Forging
29:17 Squires
29:02 Gambesons
29:03 Arson
30:22 Chain Mail Armor
33:43 Iron Casting
33:02 Stone Mining
33:47 Gold Shaft Mining
35:38 Wheelbarrow
40:42 Imperial Age
38:30 Hand Cart
38:00 Town Watch
38:37 Treadmill Crane
39:07 Masonry
39:39 Fortified Wall
40:49 Elite Varangian Guard
40:53 Shield Wall
41:53 Conscription
43:09 Two-Man Saw
44:32 Coinage
45:26 Town Patrol
46:29 Chemistry
45:23 Fletching
47:08 Ballistics
49:28 Hoardings
49:10 Masonry
49:06 Siege Engineers
49:37 Banking
Degel
9:55 Feudal Age
14:17 Castle Age
12:04 Double-Bit Axe
12:00 Horse Collar
15:58 Bow Saw
19:01 Wheelbarrow
21:24 Hand Cart
22:14 Town Watch
22:15 Loom
26:48 Imperial Age
25:38 Stone Mining
25:39 Gold Mining
25:50 Scale Mail Armor
27:16 Stone Shaft Mining
27:19 Chain Mail Armor
27:27 Heavy Plow
28:03 Gold Shaft Mining
27:43 Squires
28:48 Plate Mail Armor
30:19 Conscription
33:03 Forging
32:40 Arson
34:33 Iron Casting
33:43 Hamask
36:45 Blast Furnace
37:35 Elite Jomsviking
41:40 Capped Ram
[XAAM]_Muffie_Cute
0:37 Loom
10:56 Feudal Age
15:03 Castle Age
14:06 Double-Bit Axe
14:04 Horse Collar
27:42 Imperial Age
26:21 Scale Barding Armor
26:27 Forging
28:02 Bloodlines
MZTK l Toni tony chopeer
8:39 Loom
10:24 Feudal Age
15:38 Castle Age
15:26 Double-Bit Axe
20:52 Wheelbarrow
21:28 Horse Collar
24:04 Bow Saw
25:14 Heavy Plow
25:14 Stone Mining
26:27 Hand Cart
28:14 Gold Mining
29:19 Town Watch
32:47 Imperial Age
31:46 Gold Shaft Mining
32:11 Scale Barding Armor
33:20 Forging
33:33 Chain Barding Armor
33:03 Elite Elephant Archer
34:34 Fletching
35:59 Plate Barding Armor
37:27 Bodkin Arrow
38:10 Bracer
39:05 Elite Skirmisher
40:58 Pikeman
41:55 Padded Archer Armor
42:57 Chemistry
44:52 Ballistics
45:06 Elite Ratha (Ranged)
GRUPO FLUIDEZ DE OAXACA
11:17 Feudal Age
11:55 Double-Bit Axe
16:07 Castle Age
15:39 Horse Collar
17:35 Bow Saw
17:32 Loom
18:22 Wheelbarrow
20:00 Stone Mining
20:01 Gold Mining
26:51 Husbandry
27:02 Bloodlines
27:03 Scale Barding Armor
27:09 Forging
28:31 Forging
29:32 Chain Barding Armor
30:02 Hand Cart
30:59 Heavy Plow
31:36 Iron Casting
31:41 Gold Shaft Mining
34:56 Imperial Age
32:48 Scale Mail Armor
32:11 Man-at-Arms
32:37 Gambesons
32:52 Squires
32:38 Arson
34:03 Chain Mail Armor
33:28 Long Swordsman
34:10 Light Cavalry
34:42 Cavalier
36:02 Plate Mail Armor
36:32 Blast Furnace
36:10 Plate Barding Armor
36:04 Conscription
36:08 Savar
39:15 Hussar
Connection lost

Rejoining the realm…

Still unreachable

The connection could not be restored.

Session expired

The server has moved on; the page needs a fresh start.